 Dungeon Crawl Stone Soup version 0.18-b1-22-ge198996 (webtiles) character file.

64 graki42 the Covered (level 4, 1/31 HPs)
             Began as a Halfling Fighter on May 5, 2016.
             Quit the game on level 2 of the Dungeon.
             The game lasted 00:03:00 (1149 turns).

graki42 the Covered (Halfling Fighter)              Turns: 1149, Time: 00:03:00

Health: 1/31       AC: 11    Str: 17    XL:     4   Next: 32%
Magic:  4/4        EV:  9    Int:  7    God:
Gold:   109        SH:  9    Dex: 13    Spells: 0 memorised, 3 levels left

rFire  . . .     SeeInvis .     a - +0 long sword
rCold  . . .     Gourm    .     b - +0 scale mail
rNeg   . . .     Faith    .     c - +0 shield
rPois  .         Spirit   .     (no helmet)
rElec  .         Dismiss  .     m - +2 cloak
rCorr  .         Reflect  .     (no gloves)
SustAt .         Harm     .     k - +0 pair of boots (curse)
MR     .....                    (no amulet)
Stlth  ..........               (no ring)
                                (no ring)

@: lethally poisoned (1 -> -10), not resistant to hostile enchantments,
extremely unstealthy
A: mutation resistance 1
a: no special abilities


You were on level 2 of the Dungeon.
You were hungry.

You visited 1 branch of the dungeon, and saw 2 of its levels.

You collected 109 gold pieces.

Inventory:

Hand Weapons
 a - a +0 long sword (weapon)
Armour
 b - a +0 scale mail (worn)
 c - a +0 shield (worn)
 k - a cursed +0 pair of boots (worn)
 m - a +2 cloak (worn)
Scrolls
 e - 3 scrolls of identify {unknown}
 j - a scroll of magic mapping {unknown}
 l - a scroll of amnesia {unknown}
Potions
 d - a potion of might
 g - a potion of cancellation {unknown}
 i - a potion of haste {unknown}
 n - a potion of heal wounds {unknown}
 o - a potion of brilliance {unknown}
Comestibles
 f - 4 bread rations


   Skills:
 + Level 3.2 Fighting
 + Level 2.2 Long Blades
 + Level 4.1 Armour
 + Level 0.7 Dodging
 + Level 3.9 Shields


You had 3 spell levels left.
You didn't know any spells.

Dungeon Overview and Level Annotations

Branches:
Dungeon (2/15)

Altars:

Annotations:
D:2 Natasha, Robin


Innate Abilities, Weirdness & Mutations

You are small and have problems with some larger weapons.
You are somewhat resistant to further mutation.


Message History

The goblin no longer looks unusually strong. x2
The goblin hits you but does no damage. The goblin barely misses you.
Robin roars a battlecry!
The goblins go into a battle-frenzy!
You block Robin's attack. The goblin barely misses you.
You block the goblin's attack. The goblin hits you but does no damage.
Robin hits you but does no damage.
You are more poisoned.
Drink which item? (? for menu, Esc to quit)
You feel better.
The goblin no longer looks unusually strong.
The goblin hits you with a club.
* * * LOW HITPOINT WARNING * * *
You block the goblin's attack. The goblin hits you.
* * * LOW HITPOINT WARNING * * *
Robin roars a battlecry!
The goblin goes into a battle-frenzy!
Robin hits you but does no damage.
You are lethally poisoned!
Are you sure you want to abandon this character and quit the game? (Confirm with "yes".)

#.#.................
#.#.################
#.#.# #.#.# #.#.#
#.# #.# #g#
#@####### #gg......
#gg...... #g#######


gg# #h# #K. #.# ..# You could see Robin, Natasha, a hobgoblin, 6 goblins and a
kobold.

Vanquished Creatures
  Terence (D:2)
  An adder (D:2)
  A worm (D:1)
  2 dart slugs (D:1)
  A giant gecko (D:2)
  2 giant cockroaches (D:1)
  4 goblins
  3 hobgoblins
  4 jackals (D:1)
  A quokka (D:2)
  2 bats
  A rat (D:1)
23 creatures vanquished.

Notes
Turn   | Place    | Note
--------------------------------------------------------------
     0 | D:1      | graki42 the Halfling Fighter began the quest for the Orb.
     0 | D:1      | Reached XP level 1. HP: 15/15 MP: 1/1
    59 | D:1      | Reached XP level 2. HP: 12/20 MP: 2/2
   713 | D:1      | Reached XP level 3. HP: 15/26 MP: 3/3
   924 | D:2      | Noticed Terence
   942 | D:2      | Killed Terence
   942 | D:2      | Reached skill level 4 in Armour
   942 | D:2      | Reached XP level 4. HP: 23/31 MP: 4/4
  1130 | D:2      | Noticed Robin
  1136 | D:2      | Noticed Natasha
  1148 | D:2      | HP: 1/31 [goblin[Robin] (3)]
  1149 | D:2      | Quit the game

Skill      XL: |  1  2  3 |
---------------+----------+-----
Fighting       | 3 |  3.2
Armour         | 4 |  4.1
Long Blades    | |  2.2
Dodging        | |  0.7
Shields        | |  3.9

Action                   |  1- 3 |  4- 6 || total
-------------------------+-------+-------++-------
Melee: Long sword        |    64 |    20 ||    84
  Use: Potion            |       |     2 ||     2
Armor: Scale mail        |    24 |    28 ||    52
Dodge: Dodged            |    21 |    17 ||    38
Block: Shield            |    26 |    28 ||    54
